 Dungeon Crawl Stone Soup version 0.30-a0-165-g1891117ce2 (webtiles) character file.

Game seed: 3985527408253941447

7772 zishaf the Artisan of Death (level 11, -8/86 HPs)
             Began as a Human Necromancer on Sept 27, 2022.
             Was a Priest of Kikubaaqudgha.
             Mangled by Erolcha
             ... wielding a +0 giant spiked club
              (33 damage)
             ... on level 9 of the Dungeon on Sept 28, 2022.
             The game lasted 00:26:35 (12105 turns).

zishaf the Artisan of Death (Human Necromancer)    Turns: 12105, Time: 00:26:36

Health: -8/86      AC:  6    Str: 10    XL:     11   Next: 43%
Magic:  5/27       EV: 12    Int: 19    God:    Kikubaaqudgha [***...]
Gold:   911        SH:  0    Dex: 13    Spells: 1/20 levels left

rFire   + . .      SeeInvis .    g - +3 dagger (venom)
rCold   . . .      Faith    +    (no shield)
rNeg    . . .      Spirit   .    k - +2 robe {Will+}
rPois   .          Reflect  .    (no helmet)
rElec   .          Harm     .    D - +0 cloak
rCorr   .          Rampage  .    e - +0 pair of gloves
Will    +....                    (no boots)
Stlth   ++........               s - amulet of faith
HPRegen 0.24/turn                v - ring of protection from fire
MPRegen 0.20/turn                a - ring of magical power

@: no status effects
A: no striking features
a: Renounce Religion, Unearth Wretches


You were on level 9 of the Dungeon.
You worshipped Kikubaaqudgha.
Kikubaaqudgha was most pleased with you.
You visited 2 branches of the dungeon, and saw 10 of its levels.
You also visited: Sewer and Bailey.

You collected 1345 gold pieces.
You spent 434 gold pieces at shops.

Inventory:

Hand Weapons
 g - a +3 dagger of venom (weapon)
Missiles
 p - a throwing net
Armour
 e - a +0 pair of gloves (worn)
 i - a scarf of shadows
 k - a +2 robe of willpower (worn)
 x - a scarf of repulsion
 D - a +0 cloak (worn)
Jewellery
 a - a ring of magical power (right hand)
 s - an amulet of faith (around neck)
 v - a ring of protection from fire (left hand)
Wands
 y - a wand of polymorph (20)
 E - a wand of mindburst (5)
 G - a wand of flame (10)
Scrolls
 c - 2 scrolls of brand weapon
 f - a scroll of poison
 l - 2 scrolls of teleportation
 o - a scroll of blinking
 t - a scroll of fear
 C - a scroll of enchant weapon
Potions
 b - a potion of magic
 d - a potion of brilliance
 h - 2 potions of might
 j - a potion of heal wounds
 m - 7 potions of flight
 n - a potion of ambrosia
 q - 3 potions of attraction {unknown}
 r - a potion of berserk rage
 u - 2 potions of resistance {unknown}
 w - a potion of curing
 z - 2 potions of cancellation {unknown}
 A - a potion of invisibility {unknown}
 B - a potion of experience {unknown}
 F - a potion of mutation {unknown}


   Skills:
 + Level 7.8 Fighting
 - Level 2.0 Dodging
 - Level 2.0 Stealth
 - Level 5.0 Spellcasting
 * Level 11.9 Necromancy
 * Level 7.9 Earth Magic
 + Level 3.2 Evocations


You had one spell level left.
You knew the following spells:

 Your Spells              Type           Power      Damage    Failure   Level
a - Necrotise             Necr           100%       1d9       1%          1
b - Vampiric Draining     Necr           50%        2d9       1%          3
c - Dispel Undead         Necr           50%        3d19      1%          4
d - Borgnjor's Vile Clut  Necr/Erth      21%        N/A       6%          5
A - Sublimation of Blood  Necr           50%        N/A       1%          2
B - Animate Dead          Necr           50%        N/A       1%          4

Your spell library contained the following spells:

 Spells                   Type           Power      Damage    Failure   Level
 Kiss of Death            Conj/Necr      100%       2d13      1%          1
 Apportation              Tloc           8%         N/A       12%         1
 Magic Dart               Conj           16%        1d3       12%         1
 Shock                    Conj/Air       16%        1d4       12%         1
 Slow                     Hex            16%        N/A       12%         1
 Summon Small Mammal      Summ           16%        N/A       12%         1
 Agony                    Necr           50%        N/A       2%          5
 Cigotuvi's Dreadful Rot  Necr/Pois/Air  38%        N/A       3%          2
 Anguish                  Hex/Necr       13%        N/A       11%         4
 Death Channel            Necr           25%        N/A       14%         6
 Call Imp                 Summ           4%         N/A       19%         2
 Animate Armour           Summ/Erth      38%        N/A       24%         4
 Confusing Touch          Hex            4%         N/A       36%         3
 Frozen Ramparts          Ice            8%         1d2       36%         3
 Mephitic Cloud           Conj/Pois/Air  4%         N/A       36%         3
 Swiftness                Air            4%         N/A       36%         3
 Airstrike                Air            2%         2d(1-17)  77%         4
 Simulacrum               Ice/Necr       13%        N/A       86%         6
 Blade Hands              Tmut           2%         N/A       98%         5
 Iron Shot                Conj/Erth      9%         9d3       98%         6
 Borgnjor's Revivificati  Necr           25%        N/A       99%         8


Dungeon Overview and Level Annotations

Branches:
Dungeon (9/15)             Temple (1/1) D:5           Sewer (visited)
 Bailey (visited)
   Lair: D:8-11         Orc: D:9-12

Altars:
Elyvilon
Gozag
Kikubaaqudgha
Nemelex Xobeh
Okawaru
Sif Muna
Trog
Uskayaw
Vehumet
Wu Jian
Zin

Shops:
D:5 [*(   D:7 *

Annotations:
D:9 Erolcha


Message History

Press: ? - help, Shift-Dir - straight line Nothing appears to happen.
Something hits you!!!
You hear some strange, mumbled words.
A fireball appears from out of thin air!
The fireball explodes!
The fireball engulfs you. You resist.
Casting: Borgnjor's Vile Clutch (dangerous; 6% risk of failure)
Confirm with . or Enter, or press ? or * to list all spells.
Aiming: Borgnjor's Vile Clutch (dangerous; 6% risk of failure)
Press: ? - help, Shift-Dir - straight line Nothing appears to happen.
You hear some strange, mumbled words.
A fireball appears from out of thin air!
The fireball explodes!
The fireball engulfs you! You resist.
Casting: Borgnjor's Vile Clutch (dangerous; 6% risk of failure)
Confirm with . or Enter, or press ? or * to list all spells.
Aiming: Borgnjor's Vile Clutch (dangerous; 6% risk of failure)
Press: ? - help, Shift-Dir - straight line Nothing appears to happen.
Aiming: Mindburst
Press: ? - help, Shift-Dir - straight line Nothing appears to happen.
Something hits you!!
* * * LOW HITPOINT WARNING * * *
Unknown command.
You feel much better. Something hits you!!
* * * LOW HITPOINT WARNING * * *
Casting: Borgnjor's Vile Clutch (dangerous; 6% risk of failure)
Confirm with . or Enter, or press ? or * to list all spells.
Aiming: Vampiric Draining (safe; 1% risk of failure)
Press: ? - help, Shift-Dir - straight line You draw life force from something!
You feel life coursing into your body.
Casting: Vampiric Draining (safe; 1% risk of failure)
Confirm with . or Enter, or press ? or * to list all spells.
Aiming: Vampiric Draining (safe; 1% risk of failure)
Press: ? - help, Shift-Dir - straight line You draw life force from something!
You feel life coursing into your body! Something hits you!!
You die...
Kikubaaqudgha rasps: "You have failed me!
Welcome... death!"

#.......# ##......#
.# ##...#.# #.#
##.##.# .. ####.#
.. #.# ##### .# #.#
#...####### .#
#.###.........###.#
#.#...@{).##......#
#.#.##.##.###.#####
#.#.##.##.# ###
#......##.#
###.#####.#
#.#####.# #.......#
#########


There were no monsters in sight!

Vanquished Creatures
  A two-headed ogre (D:9)
  Pikel (D:7)
  An orc knight (Bailey)
  Maurice (D:8)
  Maggie (D:8)
  A queen bee (D:9)
  A hornet (D:9)
  Prince Ribbit (D:7)
  Grum (D:8)
  9 orc warriors
  Pargi (Sewer)
  A sky beast (D:7)
  2 ogres
  2 ice beasts
  4 wolves (D:8)
  2 centaurs
  2 phantoms
  3 lemures (D:7)
  2 bullfrogs
  3 kobold brigands
  2 gnoll sergeants (D:7)
  A necrophage (D:7)
  3 scorpions
  7 wights
  23 killer bees
  3 howler monkeys (D:8)
  2 jellies (D:6)
  An orc priest (D:8)
  2 hounds
  Jessica (D:3)
  2 iguanas (D:5)
  6 orc wizards
  8 gnolls
  9 adders
  4 river rats (D:4)
  A white imp (D:5)
  A worm (D:2)
  5 dart slugs
  28 orcs
  3 ball pythons
  7 bats
  9 endoplasms
  6 giant cockroaches
  8 goblins
  16 hobgoblins
  4 jackals (D:2)
  22 kobolds
  4 quokkas
  8 frilled lizards
  4 rats
240 creatures vanquished.

Vanquished Creatures (collateral kills)
  A dart slug (D:3)
  An orc (D:4)
  2 goblins
  A hobgoblin (D:1)
  A kobold (D:4)
  A rat (D:1)
7 creatures vanquished.

Grand Total: 247 creatures vanquished

Notes
Turn   | Place    | Note
-------+----------+-------------------------------------------
     0 | D:1      | zishaf the Human Necromancer began the quest for the Orb.
     0 | D:1      | Reached XP level 1. HP: 13/13 MP: 3/3
   306 | D:1      | Reached XP level 2. HP: 18/20 MP: 0/5
   592 | D:1      | Reached XP level 3. HP: 8/25 MP: 1/6
   693 | D:1      | Reached skill level 1 in Fighting
  1643 | D:2      | Learned a level 3 spell: Vampiric Draining
  2094 | D:2      | Reached XP level 4. HP: 32/32 MP: 7/7
  2631 | D:3      | Reached skill level 5 in Necromancy
  2666 | D:3      | Found a white marble altar of Elyvilon.
  2748 | D:3      | Learned a level 4 spell: Dispel Undead
  2835 | D:3      | Reached XP level 5. HP: 38/38 MP: 9/9
  3148 | D:3      | Noticed Jessica
  3153 | D:3      | Killed Jessica
  3368 | D:4      | Identified a scroll of acquirement
  3368 | D:4      | Acquired Cafer's Tome of the Glacier and the Grave
  3373 | D:4      | Reached XP level 6. HP: 40/45 MP: 4/10
  3638 | D:4      | Reached skill level 6 in Necromancy
  3668 | D:4      | Found a hide-covered altar of Uskayaw.
  3810 | D:4      | Found a glowing drain.
  3817 | Sewer    | Entered a sewer
  4053 | Sewer    | Noticed Pargi
  4281 | Sewer    | Reached XP level 7. HP: 52/52 MP: 12/12
  4346 | Sewer    | Killed Pargi
  4583 | D:4      | Learned a level 5 spell: Borgnjor's Vile Clutch
  5064 | D:5      | Entered Level 5 of the Dungeon
  5083 | D:5      | Found Xicaof's General Store.
  5151 | D:5      | You fall into a shaft and drop 1 floor!
  5202 | D:6      | Reached skill level 1 in Earth Magic
  5324 | D:5      | Reached skill level 7 in Necromancy
  5324 | D:5      | Reached XP level 8. HP: 60/60 MP: 14/14
  5353 | D:5      | Found a staircase to the Ecumenical Temple.
  5390 | Temple   | Entered the Ecumenical Temple
  5431 | Temple   | Became a worshipper of Kikubaaqudgha
  5658 | D:5      | Found Xacaehok's Weapon Shoppe.
  5874 | D:5      | Found Pytol's Armour Shop.
  5880 | D:5      | Bought a +0 pair of gloves for 63 gold pieces
  6492 | D:6      | Reached skill level 8 in Necromancy
  7072 | D:7      | Upgraded the game from 0.30-a0-159-g068b764562 to
                  | 0.30-a0-165-g1891117ce2
  7090 | D:7      | Found a flagged portal.
  7122 | Bailey   | Entered a bailey
  7199 | Bailey   | Reached skill level 5 in Fighting
  7199 | Bailey   | Reached XP level 9. HP: 42/68 MP: 15/15
  7202 | Bailey   | Reached * piety under Kikubaaqudgha
  7202 | Bailey   | Received a gift from Kikubaaqudgha
  7208 | Bailey   | Learned a level 2 spell: Sublimation of Blood
  7401 | Bailey   | Reached skill level 9 in Necromancy
  7453 | Bailey   | Noticed an orc knight
  7682 | Bailey   | Identified the +0 robe of Gozag's Grace {*Corrode MP+9
                  | Int+3}
  7865 | Bailey   | Killed an orc knight
  8444 | D:7      | Found Katzudy's Assorted Antiques.
  8449 | D:7      | Reached skill level 5 in Spellcasting
  8508 | D:7      | Bought a brown potion for 26 gold pieces
  8508 | D:7      | Bought a smoky white potion for 26 gold pieces
  8508 | D:7      | Bought a potion of heal wounds for 145 gold pieces
  8508 | D:7      | Bought a glowing ruby potion for 26 gold pieces
  8508 | D:7      | Bought a scroll of identify for 58 gold pieces
  8559 | D:7      | Reached XP level 10. HP: 76/76 MP: 17/17
  8673 | D:7      | Reached ** piety under Kikubaaqudgha
  8797 | D:7      | Found Zin's Purification Station.
  8800 | D:7      | Found a glowing silver altar of Zin.
  8812 | D:7      | Reached skill level 5 in Earth Magic
  8813 | D:7      | Reached skill level 10 in Necromancy
  8911 | D:7      | Bought a potion of curing for 90 gold pieces
  8970 | D:7      | Noticed Prince Ribbit
  8976 | D:7      | Killed Prince Ribbit
  9146 | D:7      | Noticed Pikel
  9157 | D:7      | Killed Pikel
  9832 | D:8      | Learned a level 4 spell: Animate Dead
 10028 | D:8      | Noticed Maggie
 10040 | D:8      | Killed Maggie
 10041 | D:8      | Reached skill level 11 in Necromancy
 10044 | D:8      | Reached skill level 1 in Evocations
 10262 | D:8      | Noticed Maurice
 10273 | D:8      | Killed Maurice
 10503 | D:8      | Reached *** piety under Kikubaaqudgha
 10503 | D:8      | Received a gift from Kikubaaqudgha
 10623 | D:8      | Noticed Grum
 10638 | D:8      | Reached XP level 11. HP: 62/84 MP: 8/18
 10640 | D:8      | Killed Grum
 11388 | D:9      | Noticed a two-headed ogre
 11396 | D:9      | Killed a two-headed ogre
 12081 | D:9      | Noticed Erolcha
 12105 | D:9      | Mangled by Erolcha

Illustrated notes

Levels and vault maps discovered:
D:1:      dpeg_arrival_boxorama, layout_basic, minmay_small_reverse_x
D:2:      layout_basic, kennysheep_generic_room_4
D:3:      layout_rooms, mainiacjoe_overflow_small_starburst,
          minmay_misc_feat_encased, chequers_hall_statues_y, minmay_between,
          uniq_jessica
D:4:      layout_basic, nicolae_overflow_crystal_walls, portal_sewer_entry_e,
          reono_crystal_passage
D:5:      layout_cave_pools, temple_pool_b, serial_shops,
          nicolae_shop_advertising_works [nicolae_subvault_shop_adworks],
          nicolae_lakefront_shop, kennysheep_little_box, corexii_hall_statues_l
D:6:      layout_gridville
D:7:      layout_loops_cross, zin_purify, enter_bailey_4, serial_shops, shop,
          minmay_misc_feat_iff, st_stairs_6, uniq_pikel, uniq_prince_ribbit1
D:8:      layout_basic, uniq_maurice, uniq_maggie, uniq_grum
D:9:      layout_loops_cross, lair_entry_dummy, special_room [special_room_bee],
          minmay_crystal_water, uniq_erolcha, uniq_psyche
Temple:   regret_index_temple_mists

Skill      XL: |  1  2  3  4  5  6  7  8  9 10 11 |
---------------+----------------------------------+-----
Fighting       | 1 2 3 5 6 7 |  7.8
Necromancy     | 5 6 7 8 9 11 | 11.9
Spellcasting   | 3 4 5 |  5.0
Earth Magic    | 1 3 4 6 7 |  7.9
Evocations     | 1 3 |  3.2
Dodging        | |  2.0
Stealth        | |  2.0

Action                   |  1- 3 |  4- 6 |  7- 9 | 10-12 || total
-------------------------+-------+-------+-------+-------++-------
Melee: Unarmed           |     9 |       |       |       ||     9
       Dagger            |    19 |     9 |   124 |   111 ||   263
       Trident           |       |     5 |       |       ||     5
       Punch             |       |     1 |     1 |     2 ||     4
 Cast: Necrotise         |    67 |    99 |    80 |     7 ||   253
       Vampiric Draining |       |     6 |    33 |     9 ||    48
       Dispel Undead     |       |     2 |     1 |     2 ||     5
       Borgnjor's Vile C |       |       |     7 |    39 ||    46
Evoke: Wand              |       |       |       |     3 ||     3
  Use: Scroll            |       |    10 |     7 |     2 ||    19
       Potion            |       |     1 |       |     6 ||     7
 Stab: Sleeping          |       |     4 |     3 |     1 ||     8
Armor: Robe              |     6 |    15 |    33 |    55 ||   109
Dodge: Dodged            |    28 |    49 |   115 |   109 ||   301

Table legend: (Time is in decaauts)
 A = Elapsed time spent in this place.
 B = Non-inter-level travel time spent in this place.
 C = Inter-level travel time spent in this place.
 D = Time resting spent in this place.
 E = Time spent auto-exploring this place.
 F = Levels seen in this place.
 G = Mean time per level.
                   A        B        C        D        E       F      G
               +--------+--------+--------+--------+--------+-----+--------+
         Total |  12159 |  11858 |    301 |   1509 |   8155 |  12 | 1013.2 |
       Dungeon |  10162 |   9881 |    281 |    562 |   7598 |   9 | 1129.1 |
        Temple |     73 |     53 |     20 |      0 |     35 |   1 |   73.0 |
         Sewer |    661 |    661 |      0 |    472 |     62 |   1 |  661.0 |
        Bailey |   1261 |   1261 |      0 |    475 |    459 |   1 | 1261.0 |
               +--------+--------+--------+--------+--------+-----+--------+

Top non-repeatable levels by time:
     D:8: 1523 daAuts
     D:7: 1511 daAuts
     D:1: 1415 daAuts
  Bailey: 1261 daAuts
     D:2: 1146 daAuts
     D:4: 1053 daAuts
     D:6: 1017 daAuts
     D:5: 941 daAuts
     D:3: 794 daAuts
     D:9: 761 daAuts
   Sewer: 661 daAuts
  Temple: 73 daAuts
